 Dungeon Crawl Stone Soup version 0.29.1-15-g9cfb28693d (webtiles) character file.

Game seed: 15164157784516139799

270 growler the Conjurer (level 6, -4/32 HPs)
             Began as a Deep Elf Conjurer on Mar 12, 2023.
             Shot with an arrow by a centaur (6 damage)
             ... on level 4 of the Dungeon.
             The game lasted 00:08:18 (3895 turns).

growler the Conjurer (Deep Elf Conjurer)            Turns: 3895, Time: 00:08:19

Health: -4/32      AC:  3    Str: 10    XL:     6   Next: 1%
Magic:  8/17       EV: 12    Int: 25    God:
Gold:   134        SH:  0    Dex: 13    Spells: 3/17 levels left

rFire   . . .      SeeInvis .   (no weapon)
rCold   . . .      Faith    .   (no shield)
rNeg    . . .      Spirit   .   a - +0 robe
rPois   .          Reflect  .   n - +0 helmet
rElec   .          Harm     .   (no cloak)
rCorr   .          Rampage  .   (no gloves)
Will    +....                   (no boots)
Stlth   ++........              c - amulet of the acrobat
HPRegen 0.10/turn               e - +6 ring of strength
MPRegen 0.15/turn               q - ring of willpower

@: no status effects
A: no striking features
a: no special abilities


You were on level 4 of the Dungeon.
You visited 1 branch of the dungeon, and saw 4 of its levels.

You collected 134 gold pieces.

Inventory:

Armour
 a - a +0 robe (worn)
 n - a +0 helmet (worn)
Jewellery
 c - an amulet of the acrobat (around neck)
 e - a +6 ring of strength (left hand)
 q - a ring of willpower (right hand)
Scrolls
 g - a scroll of blinking {unknown}
 h - 4 scrolls of identify {unknown}
 i - 3 scrolls of vulnerability {unknown}
 l - a scroll of enchant armour {unknown}
 m - a scroll of enchant weapon {unknown}
 p - a scroll of magic mapping {unknown}
Potions
 b - a potion of magic
 d - a potion of degeneration {unknown}
 f - 2 potions of curing
 j - a potion of might {unknown}
 k - a potion of cancellation {unknown}
 o - a potion of haste
 r - a potion of invisibility {unknown}


   Skills:
 - Level 2.4 Dodging
 - Level 2.4 Stealth
 + Level 6.3 Spellcasting
 + Level 6.4 Conjurations


You had 3 spell levels left.
You knew the following spells:

 Your Spells              Type           Power      Damage    Failure   Level
a - Magic Dart            Conj           100%       1d8       1%          1
b - Searing Ray           Conj           80%        2d7       1%          2
c - Dazzling Flash        Conj/Hex       48%        N/A       6%          3
d - Fulminant Prism       Conj/Hex       12%        3d9       19%         4
e - Iskenderun's Mystic   Conj/Tloc      24%        2d7       19%         4

Your spell library contained the following spells:

 Spells                   Type           Power      Damage    Failure   Level
 Freeze                   Ice            28%        1d5       7%          1
 Frozen Ramparts          Ice            14%        1d3       22%         3
 Hailstorm                Conj/Ice       24%        3d7       19%         4


Dungeon Overview and Level Annotations

Branches:
Dungeon (4/15)
 Temple: D:4-7

Altars:
Cheibriados
Kikubaaqudgha
Makhleb
Nemelex Xobeh
Uskayaw
The Shining One

Annotations:
D:2 1 runed translucent door, Crazy Yiuf


Message History

The magic dart hits Blork the orc.
Blork the orc is heavily wounded.
Casting: Magic Dart (safe; 1% risk of failure)
Confirm with . or Enter, or press ? or * to list all spells.
Aiming: Searing Ray (safe; 1% risk of failure)
Press: ? - help, Shift-Dir - straight line, f/p - Blork the orc
Aim: Blork the orc, wielding a +0 scimitar and wearing a +0 robe (heavily wounded, 83% to hit)
The searing ray hits Blork the orc.
Blork the orc is severely wounded. (Press . to maintain the ray.)
A centaur comes into view.
The searing ray hits Blork the orc.
Blork the orc is almost dead.
The centaur shouts!
The centaur wields a +0 shortbow.
The centaur shoots an arrow.
The arrow hits you.
The searing ray hits Blork the orc.
You kill Blork the orc!
Your Spellcasting skill increases to level 6!
You have reached level 6!
The centaur shoots an arrow.
The arrow barely misses you.
The centaur shoots an arrow.
The arrow hits you!
It was a potion of curing.
You feel better.
The centaur shoots an arrow.
The arrow hits you!
Unknown command.
Unknown command.
The centaur shoots an arrow.
The arrow barely misses you.
The centaur shoots an arrow.
The arrow completely misses you.
Casting: Searing Ray (safe; 1% risk of failure)
Confirm with . or Enter, or press ? or * to list all spells.
Aiming: Searing Ray (safe; 1% risk of failure)
Press: ? - help, Shift-Dir - straight line, f - centaur
Aim: a centaur, wielding a +0 shortbow (89% to hit)
The searing ray hits the centaur!
The centaur is moderately wounded. (Press . to maintain the ray.)
The centaur shoots an arrow.
The arrow hits you!
* * * LOW HITPOINT WARNING * * *
The centaur shoots an arrow.
The arrow hits you.
You die...

#####...# ##...†..# #....#.....##
.. #.......##. ........... ...
##<.##...... ..........##....
#......# .... #..............#
......####...##.#.......c....# .
........#.......##...)......## .
...>...............#.........###.
..............#.@.###............
###.....>.....#.##.....[.........
#.....##.........c.............
##....#....#..................(
#.............................
#..#..........................
##..##...........[............)
##.........)....................
#....##.#.................##....


You could see a centaur.

Vanquished Creatures
  Blork the orc (D:4)
  A scorpion (D:4)
  Robin (D:3)
  4 adders
  2 worms (D:2)
  5 orcs
  2 endoplasms
  5 giant cockroaches
  15 goblins
  6 hobgoblins
  8 jackals (D:3)
  8 kobolds
  4 quokkas
  9 ball pythons
  3 bats
  3 frilled lizards
  6 rats
83 creatures vanquished.

Notes
Turn   | Place    | Note
-------+----------+-------------------------------------------
     0 | D:1      | growler the Deep Elf Conjurer began the quest for the Orb.
     0 | D:1      | Reached XP level 1. HP: 10/10 MP: 6/6
   255 | D:1      | Reached XP level 2. HP: 15/15 MP: 4/8
   258 | D:1      | Learned a level 2 spell: Searing Ray
   342 | D:1      | Noticed an eye of devastation
   363 | D:1      | Noticed a great orb of eyes
   364 | D:1      | Found a faded altar of an unknown god.
   367 | D:1      | Noticed an eye of devastation
   367 | D:1      | Noticed a great orb of eyes
  1247 | D:2      | Reached XP level 3. HP: 19/19 MP: 5/10
  1248 | D:2      | Reached skill level 5 in Conjurations
  1252 | D:2      | Learned a level 3 spell: Dazzling Flash
  1431 | D:2      | Found a snail-covered altar of Cheibriados.
  2047 | D:2      | Found a runed translucent door.
  2048 | D:2      | Noticed Crazy Yiuf
  2566 | D:3      | Reached XP level 4. HP: 24/24 MP: 10/12
  2797 | D:3      | Found an ancient bone altar of Kikubaaqudgha.
  2797 | D:3      | Found a sparkling altar of Nemelex Xobeh.
  2893 | D:3      | Noticed Robin
  2899 | D:3      | Killed Robin
  2900 | D:3      | Reached skill level 5 in Spellcasting
  2917 | D:3      | Learned a level 4 spell: Fulminant Prism
  3044 | D:3      | Found a hide-covered altar of Uskayaw.
  3367 | D:3      | Found a glowing golden altar of the Shining One.
  3405 | D:3      | Found a burning altar of Makhleb.
  3521 | D:4      | Noticed a scorpion
  3528 | D:4      | Killed a scorpion
  3529 | D:4      | Reached XP level 5. HP: 23/28 MP: 6/15
  3534 | D:4      | Learned a level 4 spell: Iskenderun's Mystic Blast
  3810 | D:4      | Identified the +3 leather armour of Absolutism {rF+ Stlth+}
  3879 | D:4      | Noticed Blork the orc
  3884 | D:4      | Noticed a centaur
  3886 | D:4      | Killed Blork the orc
  3887 | D:4      | Reached XP level 6. HP: 25/32 MP: 9/17
  3895 | D:4      | Shot with an arrow by a centaur

Illustrated notes

Levels and vault maps discovered:
D:1:      moated_graveyard_arrival, layout_loops_corners,
          hellmonk_ecumenical_altar_watching_god
D:2:      layout_loops_corners, basic_altar, uniq_crazy_yiuf_cottage
D:3:      layout_loops_ring, mainiacjoe_overflow_surrounded_room,
          amethyst_overflow_temple_binary, mainiacjoe_overflow_two_lobes,
          uniq_robin
D:4:      layout_cave_pools, nicolae_gozag_cash_rules_everything_around_me,
          mainiacjoe_overflow_concentric_impassable, uniq_blork_the_orc

Skill      XL: |  1  2  3  4  5 |
---------------+----------------+-----
Spellcasting   | 4 5 6 |  6.3
Conjurations   | 5 6 |  6.4
Dodging        | |  2.4
Stealth        | |  2.4

Action                   |  1- 3 |  4- 6 || total
-------------------------+-------+-------++-------
 Cast: Magic Dart        |    82 |    73 ||   155
       Searing Ray       |     2 |     3 ||     5
  Use: Potion            |       |     1 ||     1
Armor: Robe              |     1 |     1 ||     2
Dodge: Dodged            |     2 |     6 ||     8
